 Dungeon Crawl Stone Soup version 0.32-a0-433-g08bcfe7efd (webtiles) character file.

Game seed: 16300518536913209053

1085 javelincjr the Chopper (level 8, 0/71 HPs)
             Began as a Mountain Dwarf Monk on Feb 23, 2024.
             Was a Believer of Beogh.
             Killed by divine providence
             ... invoked by an orc priest
              (14 damage)
             ... on level 5 of the Dungeon.
             The game lasted 00:15:04 (5382 turns).

javelincjr the Chopper (Mountain Dwarf Monk)        Turns: 5382, Time: 00:15:05

Health: 0/71       AC: 10    Str: 22    XL:     8   Next: 9%
Magic:  8/8        EV: 11    Int: 12    God:    Beogh [**....]
Gold:   251        SH:  0    Dex: 15    Spells: 7/7 levels left

rFire   . . .        D - +1 dagger "Kethorr" {spect, Will++ Int-5 Dex+3}
rCold   . . .        d - orb {light}
rNeg    . . .        w - +1 scale mail {Will+}
rPois   .            e - +1 helmet
rElec   .            G - scarf {harm}
rCorr   .            (no gloves)
SInv    .            r - +0 pair of boots
Will    +++..        A - amulet of regeneration Stlth
                     z - +6 ring of intelligence
HPRegen 1.11/turn    B - +6 ring of strength
MPRegen 0.11/turn

%: harm (+30% outgoing, +20% incoming)
@: glowing
A: runic magic, artefact enchanting
a: Renounce Religion, Smiting


You were on level 5 of the Dungeon.
You worshipped Beogh.
Beogh was pleased with you.
You visited 1 branch of the dungeon, and saw 6 of its levels.

You collected 251 gold pieces.

Inventory:

Hand Weapons
 a - a +0 hand axe
 D - the +1 dagger "Kethorr" (weapon) {spect, Will++ Int-5 Dex+3}
   (You found it on level 4 of the Dungeon)

   Int-5:     It affects your intelligence (-5).
   Dex+3:     It affects your dexterity (+3).
   Will++:    It greatly increases your willpower.
Missiles
 h - 3 atropa-tipped darts (quivered)
 l - 14 javelins
 u - 2 poisoned darts
 v - 6 silver javelins
 F - 3 boomerangs
Armour
 b - a +0 robe
 d - an orb of light (worn)
 e - a +1 helmet (worn)
 g - a +0 ring mail
 k - a +0 chain mail
 m - a +0 scale mail
 r - a +0 pair of boots (worn)
 w - a +1 scale mail of willpower (worn)
 E - a +2 robe of fire resistance
 G - a scarf of harm (worn)
Jewellery
 z - a +6 ring of intelligence (left hand)
 A - an amulet of regeneration (around neck)
 B - a +6 ring of strength (right hand)
Talismans
 s - a flux talisman
 t - a beast talisman
Wands
 p - a wand of flame (24)
 y - a wand of iceblast (4)
 H - a wand of mindburst (19)
Scrolls
 q - a scroll of teleportation
Potions
 f - a potion of attraction {unknown}
 i - 4 potions of curing
 j - a potion of cancellation {unknown}
 n - 2 potions of brilliance {unknown}
 o - a potion of haste
 x - a potion of resistance
 C - a potion of might


   Skills:
 * Level 6.9 Fighting
 + Level 1.4 Short Blades
 + Level 7.0 Axes
 + Level 2.0 Armour
 + Level 4.3 Dodging


You had 7 spell levels left.
You didn't know any spells.
Your spell library contained the following spells:

 Spells                   Type           Power      Damage    Failure   Level
 Sandblast                Erth           0%         2d4       38%         1
 Lesser Beckoning         Tloc           0%         N/A       54%         2
 Gell's Gravitas          Tloc           0%         N/A       77%         3
 Passwall                 Erth           0%         N/A       77%         3
 Stone Arrow              Conj/Erth      0%         3d7       77%         3
 Teleport Other           Tloc           0%         N/A       77%         3
 Brom's Barrelling Bould  Conj/Erth      0%         2d3       99%         4
 Dispersal                Tloc           0%         N/A       100%        6


Dungeon Overview and Level Annotations

Branches:
Dungeon (6/15)
 Temple: D:4-7

Altars:
Elyvilon
Gozag
Kikubaaqudgha
Makhleb
Nemelex Xobeh
Okawaru
Yredelemnul

Shops:
D:3 [

Annotations:
D:4 3 runed translucent doors, Bravepunisher's ghost, weakling SpMo; kd29's ghost, amateur MDMo


Innate Abilities, Weirdness & Mutations

Your facial features look somewhat orcish.
Your spellcasting is much less encumbered by armour.
You can use scrolls of enchantment on lesser artefacts.


Message History

The orc closely misses you.
You bump into the rock wall.
The orc barely misses you.
You bump into the rock wall.
You feel less invigorated.
You feel less confused. The orc hits you but does no damage.
The orc priest calls upon Beogh to heal the orc.
The orc's wounds heal themselves!
The orc priest casts a cantrip, but nothing happens.
The orc attacks as it pursues you!
The orc hits you from afar with a +0 trident.
The orc attacks as it pursues you!
The orc hits you from afar with a +0 trident.
The orc priest casts a cantrip, but nothing happens.
The orc attacks as it pursues you!
The orc hits you from afar with a +0 trident.
The orc attacks as it pursues you! The orc closely misses you.
There is a stone staircase leading up here.
The orc closely misses you.
There is a stone staircase leading up here.
There is a stone staircase leading up here.
The orc hits you with a +0 trident.
The orc priest mumbles some strange prayers to Beogh against you.
Beogh smites you!
You climb upwards.
There is a stone staircase leading down here.
You hit the orc but do no damage.
Your +1 dagger "Kethorr" {spect, Will++ Int-5 Dex+3} barely misses the orc.
The orc hits you but does no damage.
The orc priest calls down the wrath of Beogh upon you.
Beogh smites you!
* * * LOW HITPOINT WARNING * * *
You hit the orc.
The orc is heavily wounded.
Your +1 dagger "Kethorr" {spect, Will++ Int-5 Dex+3} hits the orc but does no damage.
The orc hits you with a +0 trident.
* * * LOW HITPOINT WARNING * * *
The orc priest calls down the wrath of Beogh upon you.
Beogh smites you!
You die...
Beogh appreciates the orc priest's killing of a heretic priest.

.##..## ##........##
.###..## ##.........#
.###...####...###....#
bb###...##...###....##
.b.b.bb.....###.....#
..b..........#......##
.....b...............#
b..............o(....##
#.......b...##..@o..#.#
##..#####b####......###
#..## #b## ##.....##
#.## #b.# ##.....# #.#
#bb### #.....## b.#
#bbbb####.....## .##
#bbbbb.........# .#
##bbbbbb...###### .####
#bb######..#


You could see an orc priest, an orc and a friendly +1 dagger "Kethorr" {spect,
Will++ Int-5 Dex+3}.

Vanquished Creatures
  Sigmund (D:5)
  Menkaure (D:4)
  A water moccasin (D:5)
  An ice beast (D:3)
  A phantom (D:4)
  2 scorpions (D:4)
  A bombardier beetle (D:5)
  2 hounds
  3 iguanas (D:5)
  2 orc wizards (D:5)
  7 gnolls
  4 adders
  6 ribbon worms
  A dart slug (D:5)
  5 orcs
  15 ball pythons
  8 bats
  2 endoplasms
  7 giant cockroaches
  7 hobgoblins
  2 jackals (D:2)
  2 quokkas
  3 frilled lizards
  6 goblins
  7 kobolds
  10 rats
107 creatures vanquished.

Vanquished Creatures (others)
  An orc (D:5)
1 creature vanquished.

Grand Total: 108 creatures vanquished

Notes
Turn   | Place    | Note
-------+----------+-------------------------------------------
     0 | D:1      | javelincjr the Mountain Dwarf Monk began the quest for the
                  | Orb.
     0 | D:1      | Reached XP level 1. HP: 19/19 MP: 1/1
   248 | D:1      | Reached XP level 2. HP: 26/26 MP: 2/2
   394 | D:1      | Reached skill level 4 in Axes
  1113 | D:2      | Found a sparkling altar of Nemelex Xobeh.
  1152 | D:2      | Reached XP level 3. HP: 33/33 MP: 3/3
  2011 | D:3      | Reached XP level 4. HP: 40/40 MP: 4/4
  2023 | D:3      | Noticed an ice beast
  2045 | D:3      | Killed an ice beast
  2046 | D:3      | Reached skill level 5 in Axes
  2046 | D:3      | Reached XP level 5. HP: 14/47 MP: 5/5
  2542 | D:3      | Found a glowing drain.
  2687 | D:3      | Found Fifi's Antique Armour Shop.
  3005 | D:4      | Reached skill level 5 in Fighting
  3288 | D:4      | Reached XP level 6. HP: 15/56 MP: 6/6
  3372 | D:4      | Noticed Menkaure
  3381 | D:4      | Killed Menkaure
  3382 | D:4      | Reached skill level 6 in Axes
  3483 | D:4      | Found an opulent altar of Gozag.
  3509 | D:4      | Found an ancient bone altar of Kikubaaqudgha.
  3564 | D:4      | Identified the +0 dagger "Kethorr" {spect, Will++ Int-5
                  | Dex+3}
  3573 | D:4      | Found a white marble altar of Elyvilon.
  3573 | D:4      | Found an iron altar of Okawaru.
  3573 | D:4      | Found a burning altar of Makhleb.
  3583 | D:4      | Reached XP level 7. HP: 61/62 MP: 7/7
  3584 | D:4      | Found a basalt altar of Yredelemnul.
  3706 | D:4      | Found a runed translucent gate.
  3707 | D:4      | Found a runed translucent gate.
  3708 | D:4      | Found a runed translucent gate.
  3709 | D:4      | Noticed kd29's ghost (amateur MDMo)
  3710 | D:4      | Noticed Bravepunisher's ghost (weakling SpMo)
  3864 | D:5      | Entered Level 5 of the Dungeon
  4049 | D:5      | Became a worshipper of Beogh the Shepherd
  4049 | D:5      | Reached * piety under Beogh
  4049 | D:5      | Reached ** piety under Beogh
  4204 | D:5      | Reached skill level 1 in Armour
  4223 | D:5      | Noticed Sigmund
  4274 | D:5      | Killed Sigmund
  4275 | D:5      | Reached skill level 1 in Short Blades
  4871 | D:5      | Reached XP level 8. HP: 48/71 MP: 8/8
  5319 | D:6      | Reached skill level 7 in Axes
  5352 | D:6      | HP: 1/71 [orc priest/divine providence (15)]
  5382 | D:5      | Killed from afar by an orc priest

Illustrated notes

Levels and vault maps discovered:
D:1:      ncdulo_smallfort, layout_basic, st_stairs_4
D:2:      layout_loops_ring, basic_altar
D:3:      layout_loops_corners, lightli_sewer_entry_pipes, serial_shops,
          nicolae_shop_peninsula
D:4:      layout_loops_ring, chequers_temple_overflow_statue_of_worship,
          mainiacjoe_overflow_large_starburst, gammafunk_ghost_cemetery,
          uniq_menkaure
D:5:      layout_layer_cave, uniq_sigmund
D:6:      layout_loops_ring, minmay_temple_entry_stoned_glass, serial_shops,
          shop, mainiacjoe_ossuary_entry_find_the_door, columned_hall_lemuel

Skill      XL: |  1  2  3  4  5  6  7  8 |
---------------+-------------------------+-----
Axes           | 4 5 6 7 |  7.0
Fighting       | 4 5 6 |  6.9
Dodging        | 3 4 |  4.3
Armour         | 2 |  2.0
Short Blades   | 1 |  1.4

Action                     |  1- 3 |  4- 6 |  7- 9 || total
---------------------------+-------+-------+-------++-------
  Melee: Hand axe          |   136 |   167 |    16 ||   319
         Dagger            |       |       |   197 ||   197
  Throw: Dart              |       |     1 |       ||     1
 Invoke: Convert to Beogh  |       |       |     1 ||     1
  Evoke: Wand              |       |       |     2 ||     2
    Use: Scroll            |       |       |    10 ||    10
         Potion            |       |       |     1 ||     1
   Stab: Distracted        |       |       |     3 ||     3
 Armour: Robe              |    50 |       |       ||    50
         Ring mail         |     5 |    42 |       ||    47
         Scale mail        |       |    42 |   144 ||   186
  Dodge: Dodged            |    94 |    92 |   123 ||   309

Table legend: (Time is in decaauts)
 A = Elapsed time spent in this place.
 B = Non-inter-level travel time spent in this place.
 C = Inter-level travel time spent in this place.
 D = Time resting spent in this place.
 E = Time spent auto-exploring this place.
 F = Levels seen in this place.
 G = Mean time per level.
                   A        B        C        D        E       F      G
               +--------+--------+--------+--------+--------+-----+--------+
         Total |   5433 |   5208 |    225 |    164 |   3886 |   6 |  905.5 |
       Dungeon |   5433 |   5208 |    225 |    164 |   3886 |   6 |  905.5 |
               +--------+--------+--------+--------+--------+-----+--------+

Top non-repeatable levels by time:
     D:5: 1441 daAuts
     D:3: 1135 daAuts
     D:1: 1107 daAuts
     D:4: 912 daAuts
     D:2: 766 daAuts
     D:6: 71 daAuts
